 Dungeon Crawl Stone Soup version 0.29.0-5-ge4962eb29e (webtiles) character file.

Game seed: 4452554847932470390

588 Arum the Covered (level 7, -3/48 (57) HPs)
             Began as a Formicid Fighter on Aug 28, 2022.
             Was a Follower of Dithmenos.
             Killed by nerve-wracking pain
             ... invoked by an orc priest
              (14 damage)
             ... on level 5 of the Dungeon.
             The game lasted 00:07:54 (5309 turns).

Arum the Covered (Formicid Fighter)                 Turns: 5309, Time: 00:07:55

HP:   -3/48 (57)    AC: 10    Str: 22    XL:     7   Next: 65%
MP:   16/16         EV: 10    Int:  8    God:    Dithmenos [*.....]
Gold: 32            SH:  5    Dex: 13    Spells: 6/6 levels left

rFire   + . .      SeeInvis +   a - +1 quarterstaff
rCold   + . .      Faith    .   c - +0 buckler
rNeg    . . .      Spirit   .   w - +2 ring mail of Vidomp {rF+ rC+}
rPois   +          Reflect  .   (helmet unavailable)
rElec   .          Harm     .   k - +0 cloak
rCorr   .          Rampage  .   r - +0 pair of gloves
Will    +....                   (no boots)
Stlth   +.........              (no amulet)
HPRegen 0.16/turn               s - ring of Geniasog {rPois MP+9}
MPRegen 0.15/turn               b - ring of willpower

@: wreathed by umbra, heavily drained
A: permanent stasis, dig shafts and tunnels, antennae 3, four strong arms
a: Dig, Shaft Self, Renounce Religion


You were on level 5 of the Dungeon.
You worshipped Dithmenos.
Dithmenos was aware of your devotion.
You visited 1 branch of the dungeon, and saw 5 of its levels.

You collected 254 gold pieces.
You spent 222 gold pieces at shops.

Inventory:

Hand Weapons
 a - a +1 quarterstaff (weapon)
Missiles
 l - 3 javelins
Armour
 c - a +0 buckler (worn)
 k - a +0 cloak (worn)
 r - a +0 pair of gloves (worn)
 u - a scarf of invisibility
 w - the +2 ring mail of Vidomp (worn) {rF+ rC+}
   (You bought it in a shop on level 2 of the Dungeon)

   rF:        It protects you from fire.
   rC:        It protects you from cold.
Jewellery
 b - a ring of willpower (right hand)
 s - the ring of Geniasog (left hand) {rPois MP+9}
   (You found it on level 2 of the Dungeon)

   [ring of magical power]

   rPois:     It protects you from poison.
   MP:        It affects your magic capacity (+9).
Wands
 e - a wand of polymorph (4)
Scrolls
 d - a scroll of vulnerability {unknown}
 f - 2 scrolls of immolation {unknown}
 i - a scroll of torment {unknown}
 n - 3 scrolls of butterflies {unknown}
Potions
 g - a potion of berserk rage {unknown}
 h - 2 potions of heal wounds
 j - 2 potions of curing
 m - a potion of brilliance {unknown}
 t - a potion of haste {unknown}
 v - a potion of attraction


   Skills:
 + Level 5.6 Fighting
 + Level 4.5 Staves
 + Level 5.7 Armour
 - Level 5.0 Shields


You had 6 spell levels left.
You didn't know any spells.
Your spell library contained the following spells:

 Spells                   Type           Power      Damage    Failure   Level
 Necrotise                Necr           0%         1d4       63%         1
 Poisonous Vapours        Pois/Air       0%         N/A       77%         2
 Sublimation of Blood     Necr           0%         N/A       77%         2
 Anguish                  Hex/Necr       0%         N/A       100%        4
 Animate Dead             Necr           0%         N/A       100%        4
 Corpse Rot               Necr/Pois/Air  0%         N/A       100%        4


Dungeon Overview and Level Annotations

Branches:
Dungeon (5/15)
 Temple: D:4-7

Altars:
Dithmenos
Gozag
Kikubaaqudgha
Nemelex Xobeh
Ru
Uskayaw
Zin

Shops:
D:2 [   D:3 (   D:4 ?


Innate Abilities, Weirdness & Mutations

You cannot be hasted, slowed, berserked, paralysed or teleported.
You can dig through walls and to a lower floor.
You have a pair of large antennae on your head. (SInv)
Your four strong arms can wield two-handed weapons with a shield.


Message History

You dig through the rock wall.
You feel drained.
You dig through the rock wall.
You feel drained. The orc attacks as you move away! You block the orc's attack.
You dig through the rock wall.
You feel drained.
You are too injured to fight recklessly!
You are too injured to fight recklessly!
You are too injured to fight recklessly!
You are too injured to fight recklessly!
You are too injured to fight recklessly!
You are too injured to fight recklessly!
You are too injured to fight recklessly!
You are too injured to fight recklessly!
You are too injured to fight recklessly!
You are too injured to fight recklessly!
You are too injured to fight recklessly!
You are too injured to fight recklessly!
You are too injured to fight recklessly!
You are too injured to fight recklessly!
You sock the orc!
You kill the orc!
Dithmenos accepts your kill.
You swing at nothing.
You hit the orc priest.
The orc priest is moderately wounded.
The orc priest hits you but does no damage.
You completely miss the orc priest.
The orc priest is moderately wounded.
The orc priest mumbles some strange prayers to Beogh against you.
Beogh smites you!
* * * LOW HITPOINT WARNING * * *
The orc priest looks braver for a moment.
You barely miss the orc priest.
The orc priest is moderately wounded.
The orc priest invokes the aid of Beogh against you.
You easily resist.
You closely miss the orc priest.
The orc priest is moderately wounded.
The orc priest invokes the aid of Beogh against you.
Pain shoots through your body!
You die...

...................
.................##
..........o.....##
.........o.....##
.........{{#...#
..........#{#...#
.........##{#.....
........##o## ....
###########@# ###
##..# .## .# ##


You could see an orc priest.

Vanquished Creatures
  Duvessa (D:4)
  2 kobold brigands (D:3)
  Dowan (D:4)
  A hound (D:4)
  2 iguanas
  5 gnolls (D:4)
  6 adders
  2 worms
  A dart slug (D:3)
  12 orcs
  3 ball pythons
  3 endoplasms (D:1)
  A giant cockroach (D:1)
  12 hobgoblins
  4 jackals (D:2)
  5 quokkas
  2 frilled lizards
  12 goblins
  22 kobolds
  4 rats
101 creatures vanquished.

Vanquished Creatures (others)
  9 plants
  4 toadstools (D:1)
13 creatures vanquished.

Grand Total: 114 creatures vanquished

Notes
Turn   | Place    | Note
-------+----------+-------------------------------------------
     0 | D:1      | Arum the Formicid Fighter began the quest for the Orb.
     0 | D:1      | Reached XP level 1. HP: 18/18 MP: 1/1
   163 | D:1      | Reached XP level 2. HP: 24/24 MP: 2/2
   725 | D:2      | Found Woinn's Antique Armour Boutique.
   853 | D:2      | Reached XP level 3. HP: 25/29 MP: 3/3
   982 | D:2      | Found a faded altar of an unknown god.
  1071 | D:2      | Prayed at the altar of an unknown god.
  1071 | D:2      | Became a worshipper of Kikubaaqudgha
  1071 | D:2      | Reached * piety under Kikubaaqudgha
  1071 | D:2      | Received a gift from Kikubaaqudgha
  1238 | D:2      | Reached XP level 4. HP: 37/37 MP: 4/4
  1266 | D:2      | Found a shadowy altar of Dithmenos.
  1279 | D:2      | Fell from the grace of Kikubaaqudgha
  1279 | D:2      | Became a worshipper of Dithmenos the Shadowed
  1673 | D:2      | Identified the ring of Geniasog {rPois MP+9}
  2104 | D:3      | Found a sparkling altar of Nemelex Xobeh.
  2108 | D:3      | Found an opulent altar of Gozag.
  2113 | D:3      | Found a glowing silver altar of Zin.
  2114 | D:3      | Found a hide-covered altar of Uskayaw.
  2117 | D:3      | Found a sacrificial altar of Ru.
  2418 | D:3      | Reached XP level 5. HP: 42/42 MP: 5/5
  2555 | D:3      | Found Hiarant's Weapon Boutique.
  2662 | D:2      | Bought a masterwork ring mail for 198 gold pieces
  2662 | D:2      | Identified the +2 ring mail of Vidomp {rF+ rC+} (You bought
                  | it in a shop on level 2 of the Dungeon)
  2965 | D:3      | Noticed a kobold brigand
  2984 | D:3      | Killed a kobold brigand
  2985 | D:3      | Reached skill level 5 in Shields
  3506 | D:3      | Noticed a kobold brigand
  3518 | D:3      | Killed a kobold brigand
  3519 | D:3      | Reached XP level 6. HP: 43/49 MP: 6/6
  3882 | D:4      | Reached skill level 5 in Armour
  3898 | D:4      | Found Muybluuh's Magic Scroll Shop.
  3905 | D:4      | Bought a scroll of identify for 24 gold pieces
  3929 | D:4      | Reached skill level 5 in Fighting
  3948 | D:4      | Reached * piety under Dithmenos
  4068 | D:4      | Reached XP level 7. HP: 56/56 MP: 7/7
  4367 | D:4      | Noticed Dowan
  4368 | D:4      | Noticed Duvessa
  4396 | D:4      | Killed Duvessa
  4486 | D:4      | Killed Dowan
  5250 | D:5      | Entered Level 5 of the Dungeon
  5309 | D:5      | Killed from afar by an orc priest

Illustrated notes

Levels and vault maps discovered:
D:1:      ldierk_walled_garden_2, layout_basic, minmay_surrounded
D:2:      layout_loops_ring, hellmonk_ecumenical_altar_pennies_from_heaven,
          serial_shops, shop, basic_altar
D:3:      cheibrodos_thug_alley, layout_rooms, minitemple, serial_shops,
          nicolae_shop_bloodbath_and_beyond, serial_forest,
          infiniplex_forest_clump_long, infiniplex_forest_lined_2,
          infiniplex_forest_end_1, infiniplex_forest_clump_diagonal,
          infiniplex_forest_split, infiniplex_forest_lined_2,
          infiniplex_forest_fountain, infiniplex_forest_end_3,
          kennysheep_nondescript
D:4:      corexii_shantytown, layout_loops_ring, serial_shops,
          nicolae_shop_crystal, uniq_duvessa
D:5:      layout_layer_cave, slow_altar_2, enter_ossuary_2

Skill      XL: |  1  2  3  4  5  6 |
---------------+-------------------+-----
Fighting       | 4 5 |  5.6
Armour         | 4 5 |  5.7
Staves         | 3 4 |  4.5
Shields        | 5 |  5.0

Action                   |  1- 3 |  4- 6 |  7- 9 || total
-------------------------+-------+-------+-------++-------
Melee: Quarterstaff      |    61 |   185 |    97 ||   343
       Unarmed           |       |       |     6 ||     6
 Abil: Dig               |     1 |       |     1 ||     2
  Use: Potion            |       |     1 |       ||     1
       Scroll            |       |     3 |     4 ||     7
Armor: Scale mail        |    26 |    29 |       ||    55
       Ring mail         |       |    40 |    55 ||    95
Dodge: Dodged            |    30 |    96 |    58 ||   184
Block: Buckler           |    17 |    36 |    29 ||    82
